 Dungeon Crawl Stone Soup version 0.29.0-11-gd7f09526c8 (webtiles) character file.

Game seed: 11490069089428351649

315 LustLizard the Magician (level 6, 0/40 HPs)
             Began as a Djinni Ice Elementalist on Sept 3, 2022.
             Was an Initiate of Hepliaklqana.
             Slain by a centaur (3 damage)
             ... on level 5 of the Dungeon.
             The game lasted 00:08:17 (4554 turns).

LustLizard the Magician (Djinni Ice Elementalist)   Turns: 4554, Time: 00:08:18

Health: 0/40       AC:  9    Str:  7    XL:     6   Next: 72%
Gold:   189        EV: 11    Int: 24    God:    Hepliaklqana [......] SH:  0 Dex: 14

rFire   + + .      SeeInvis .   A - +3 war axe of the Throat {vorpal, rElec Stlth+}
rCold   x . .      Faith    .   (no shield)
rNeg    . . .      Spirit   .   z - +0 troll leather armour {Pargi}
rPois   ∞          Reflect  .   (no helmet)
rElec   +          Harm     .   (no cloak)
rCorr   .          Rampage  .   (no gloves)
Will    .....                   (boots unavailable)
Stlth   +++.......              (no amulet)
HPRegen 0.93/turn               s - +6 ring of intelligence
MPRegen 0.00/turn               (no ring)

@: ice-armoured, freezing walls, flying
A: sickness immunity, fire resistance 2, cold vulnerability 1, float, innate
caster, HP casting, extra vitality 1
a: Renounce Religion


You were on level 5 of the Dungeon.
You worshipped Hepliaklqana.
Hepliaklqana was noncommittal.
You visited 1 branch of the dungeon, and saw 5 of its levels.

You collected 189 gold pieces.

Inventory:

Hand Weapons
 c - a +0 long sword
 i - a +0 spear
 A - the +3 war axe of the Throat (weapon) {vorpal, rElec Stlth+}
   (You found it on level 4 of the Dungeon)

   It inflicts extra damage upon your enemies.
   rElec:     It insulates you from electricity.
   Stlth:     It makes you more stealthy.
Missiles
 b - 30 stones
Armour
 a - a +0 robe
 z - a +0 troll leather armour (worn) {Pargi}
Magical Staves
 n - a staff of earth
Jewellery
 s - a +6 ring of intelligence (left hand)
Scrolls
 e - a scroll of enchant weapon {unknown}
 g - 2 scrolls of fear {unknown}
 j - a scroll of brand weapon {unknown}
 m - 7 scrolls of identify {unknown}
 p - 2 scrolls of teleportation {unknown}
 t - a scroll of fog {unknown}
 u - a scroll of noise {unknown}
 v - a scroll of immolation {unknown}
 w - a scroll of blinking {unknown}
 x - a scroll of torment {unknown}
 y - 2 scrolls of vulnerability {unknown}
 B - a scroll of amnesia {unknown}
 C - a scroll of enchant armour {unknown}
Potions
 d - a potion of berserk rage {unknown}
 f - 2 potions of invisibility {unknown}
 h - 4 potions of curing {unknown}
 k - 3 potions of might {unknown}
 l - a potion of brilliance {unknown}
 o - a potion of lignification {unknown}
 q - 2 potions of attraction {unknown}
 r - a potion of mutation {unknown}
 D - a potion of haste {unknown}


   Skills:
 - Level 2.1 Dodging
 + Level 3.6 Stealth
 * Level 4.7 Spellcasting
 * Level 0.3 Invocations
 + Level 2.1 Evocations


You couldn't memorise any spells.
You knew the following spells:

 Your Spells              Type           Power      Damage    Failure   Level
a - Freeze                Ice            100%       1d11      1%          1
b - Frozen Ramparts       Ice            56%        1d9       6%          3
c - Ozocubu's Armour      Ice            28%        N/A       6%          3
d - Hailstorm             Conj/Ice       28%        3d8       19%         4
e - Summon Small Mammal   Summ           100%       N/A       1%          1
f - Static Discharge      Conj/Air       28%        3-7/arc   3%          2
Your spell library was empty.

Dungeon Overview and Level Annotations

Branches:
Dungeon (5/15)
 Temple: D:4-7

Altars:
Fedhas
Hepliaklqana
Trog
Wu Jian

Annotations:
D:3 Ijyb


Innate Abilities, Weirdness & Mutations

You are immune to sickness and miasma.
You are immune to poison.
Your flesh is very heat resistant. (rF++)
You are vulnerable to cold. (rC-)
You float through the air rather than walking.
You learn spells naturally, not from books.
Your magical power is your life essence.
You have superior vitality. (+4 MHP)


Message History

The frozen ramparts melt away as you move.
The centaur shoots an arrow.
The arrow hits your quokka!
Your quokka dies!
Your quokka's corpse disappears in a puff of smoke!
Casting: Summon Small Mammal (safe; 1% risk of failure)
Confirm with . or Enter, or press ? or * to list all spells.
Casting: Frozen Ramparts (dangerous; 6% risk of failure)
Press: ? - help, Dir - look around, f - activate
There is a cloud of blue smoke here.
Okay, then.
The centaur shoots an arrow.
The arrow hits you.
Casting: Frozen Ramparts (dangerous; 6% risk of failure)
Confirm with . or Enter, or press ? or * to list all spells.
Casting: Frozen Ramparts (dangerous; 6% risk of failure)
Press: ? - help, Dir - look around, f - activate The walls around you are covered in ice.
* * * LOW HITPOINT WARNING * * *
The wall freezes the centaur but does no damage.
The centaur shoots an arrow.
The arrow closely misses you.
The wall freezes the centaur but does no damage.
The centaur shoots an arrow.
The arrow hits you.
* * * LOW HITPOINT WARNING * * *
Casting: Frozen Ramparts (dangerous; 6% risk of failure)
Confirm with . or Enter, or press ? or * to list all spells.
A film of ice covers your body!
* * * LOW HITPOINT WARNING * * *
The wall freezes the centaur but does no damage.
You barely miss the centaur.
The wall freezes the centaur!
The centaur unwields a +0 shortbow.
The centaur misses you. The centaur barely misses you.
The wall freezes the centaur.
The centaur closely misses you.
The centaur kicks you but does no damage.
You hit the centaur.
The centaur is heavily wounded.
The wall freezes the centaur.
The centaur closely misses you. The centaur barely misses you.
The wall freezes the centaur.
The centaur hits you.
* * * LOW HITPOINT WARNING * * *
The centaur kicks you.
You die...

#.# ..# #.# .8# ######.#
##.# #......####..#####
### #.####.##........##
#.## #.###...#o#$...c.c.
.#.####............###.#.
###......##...#c######.#
.#.####......##.@......#
#.## ######.###########
#.# #.# #.# #+# ..# .###
.#.## ....#### .......+


You could see a centaur and an orc.

Vanquished Creatures
  Pargi (D:3)
  A jelly (D:4)
  An iguana (D:4)
  An orc wizard (D:3)
  7 adders
  3 dart slugs
  4 orcs (D:3)
  8 endoplasms
  6 giant cockroaches
  4 goblins
  10 hobgoblins
  4 kobolds
  2 quokkas
  8 ball pythons
  4 bats
  3 frilled lizards
  6 rats
73 creatures vanquished.

Notes
Turn   | Place    | Note
-------+----------+-------------------------------------------
     0 | D:1      | LustLizard the Djinni Ice Elementalist began the quest for
                  | the Orb.
     0 | D:1      | LustLizard set off with the following spells memorised:
                  | Freeze, Frozen Ramparts, Ozocubu's Armour, Hailstorm.
     0 | D:1      | Reached XP level 1. HP: 15/15 MP: 0/0
   389 | D:1      | Reached XP level 2. HP: 20/21 MP: 0/0
   919 | D:1      | Reached XP level 3. HP: 14/25 MP: 0/0
   919 | D:1      | Learned a level 1 spell: Summon Small Mammal
  2207 | D:2      | Reached XP level 4. HP: 29/31 MP: 0/0
  2574 | D:2      | Found an ornate altar of the Wu Jian Council.
  2958 | D:3      | Reached skill level 4 in Spellcasting
  2967 | D:3      | Reached XP level 5. HP: 26/35 MP: 0/0
  2967 | D:3      | Learned a level 2 spell: Static Discharge
  2972 | D:3      | Noticed Pargi
  3003 | D:3      | Killed Pargi
  3004 | D:3      | Reached skill level 1 in Evocations
  3004 | D:3      | Reached XP level 6. HP: 23/40 MP: 0/0
  3231 | D:3      | Found a hazy altar of Hepliaklqana.
  3235 | D:3      | Became a worshipper of Hepliaklqana the Forgotten
  3264 | D:3      | Found a faded altar of an unknown god.
  3503 | D:3      | Noticed Ijyb
  3731 | D:4      | Found a bloodstained altar of Trog.
  3958 | D:4      | Identified the +3 war axe of the Throat {vorpal, rElec
                  | Stlth+}
  4204 | D:4      | Reached * piety under Hepliaklqana
  4433 | D:4      | Found a blossoming altar of Fedhas.
  4487 | D:5      | Entered Level 5 of the Dungeon
  4554 | D:5      | Slain by a centaur

Illustrated notes

Levels and vault maps discovered:
D:1:      minmay_arrival_nine_rooms, layout_basic, serial_aquarium,
          aquarium_bridge_square [aquarium_subvault_window,
          aquarium_subvault_bridge, aquarium_subvault_window,
          aquarium_subvault_bridge], aquarium_bridge_square
          [aquarium_subvault_wall, aquarium_subvault_wall,
          aquarium_subvault_bridge, aquarium_subvault_window],
          aquarium_window_fake, aquarium_window_2, aquarium_view_2f,
          aquarium_balcony_3a, aquarium_pool_2
D:2:      kennysheep_six_static_rooms, layout_basic, basic_altar
D:3:      layout_loops_cross, nicolae_hepliaklqana_hazy_memory,
          basic_ecumenical_altar, st_stairs_5, kennysheep_another_room,
          nrook_mini_backslash, corexii_corridor_pit, minmay_statues_item,
          kennysheep_decorative_pillar, eino_curves_03, uniq_pargi, uniq_ijyb
D:4:      layout_basic, lemuel_crystal_altar, fedhas_altar_3
D:5:      layout_loops_corners, kennysheep_orc_sif_temple

Skill      XL: |  1  2  3  4  5  6 |
---------------+-------------------+-----
Stealth        | 2 3 |  3.6
Spellcasting   | 4 |  4.7
Evocations     | 1 2 |  2.1
Dodging        | |  2.1
Invocations    | |  0.3

Action                   |  1- 3 |  4- 6 || total
-------------------------+-------+-------++-------
Melee: Long sword        |     5 |       ||     5
       Spear             |    52 |    71 ||   123
       Punch             |     1 |     1 ||     2
       War axe           |       |    13 ||    13
 Cast: Freeze            |    24 |    20 ||    44
       Frozen Ramparts   |     2 |    11 ||    13
       Summon Small Mamm |       |     4 ||     4
       Ozocubu's Armour  |       |     3 ||     3
       Static Discharge  |       |     1 ||     1
 Stab: Sleeping          |     6 |     8 ||    14
Armor: Robe              |    11 |     3 ||    14
       Troll leather arm |       |     9 ||     9
Dodge: Dodged            |    32 |    44 ||    76
